 Dungeon Crawl Stone Soup version 0.28.0-43-g3370ac3207 (webtiles) character file.

Game seed: 10563037776644239948

106106 CryoSword the Brawler (level 15, -9/152 HPs)
             Began as a Troll Monk on Mar 28, 2022.
             Was the Champion of Kikubaaqudgha.
             Killed from afar by a fire giant (37 damage)
             ... with a bolt of fire
             ... on level 15 of the Dungeon.
             The game lasted 01:16:02 (25193 turns).

CryoSword the Brawler (Troll Monk)                 Turns: 25193, Time: 01:16:03

Health: -9/152     AC: 12    Str: 23    XL:     15   Next: 96%
Magic:  20/20      EV: 27    Int: 12    God:    Kikubaaqudgha [******]
Gold:   1826       SH: 11    Dex: 18    Spells: 8/22 levels left

rFire   . . .      SeeInvis .     - Unarmed
rCold   . . .      Faith    .   d - +0 kite shield
rNeg    . . .      Spirit   .   M - +0 troll leather armour
rPois   .          Reflect  .   (helmet restricted)
rElec   .          Harm     .   k - +1 cloak
rCorr   .          Rampage  .   (gloves unavailable)
Will    +....                   (boots unavailable)
Stlth   ++........              G - amulet of the acrobat
HPRegen 1.95/turn               W - +6 ring of dexterity
MPRegen 0.17/turn               r - +4 ring of protection

@: about to teleport, acrobatic, very slow
A: large, unfitting armour, claws 3, regeneration 1, shaggy fur 1, tough skin 1
a: Renounce Religion, Receive Corpses, Torment


You were on level 15 of the Dungeon.
You worshipped Kikubaaqudgha.
Kikubaaqudgha was exalted by your worship.
You visited 3 branches of the dungeon, and saw 22 of its levels.
You also visited: Ossuary, Bailey and Ice Cave.

You collected 1877 gold pieces.
You spent 51 gold pieces at shops.

Inventory:

Hand Weapons
 w - a +9 falchion of flaming
   (You took it off Eustachio on level 4 of the Dungeon)
Missiles
 b - 30 poisoned darts
 q - 33 boomerangs
 F - 5 throwing nets
 L - 4 curare-tipped darts
 P - 6 atropa-tipped darts
Armour
 a - +0 acid dragon scales
   (You found it on level 11 of the Dungeon)
 d - a +0 kite shield (worn)
   (You took it off a tengu warrior on level 13 of the Dungeon)
 k - a +1 cloak (worn)
   (You found it on level 5 of the Dungeon)
 M - a +0 troll leather armour (worn)
   (You found it on level 11 of the Dungeon)
Jewellery
 o - an amulet of magic regeneration
   (You took it off an orc on level 4 of the Dungeon)
 r - a +4 ring of protection (right claw)
   (You found it on level 4 of the Dungeon)
 G - an amulet of the acrobat (around neck)
   (You found it on level 3 of the Lair of Beasts)
 R - a ring of fire
   (You found it on level 14 of the Dungeon)
 W - a +6 ring of dexterity (left claw)
   (You found it on level 13 of the Dungeon)
Wands
 m - a wand of flame (12) (quivered)
   (You found it on level 5 of the Dungeon)
 s - a wand of digging (5)
   (You found it on level 10 of the Dungeon)
 z - a wand of acid (10)
   (You found it on level 6 of the Dungeon)
 H - a wand of iceblast (2)
   (You took it off Joseph on level 8 of the Dungeon)
Scrolls
 c - 12 scrolls of teleportation {@r4}
 e - 3 scrolls of fog
 i - 5 scrolls of fear
 j - a scroll of amnesia
 n - 4 scrolls of magic mapping
 t - a scroll of noise {unknown}
 v - 2 scrolls of holy word
 y - 2 scrolls of silence
 D - a scroll of summoning
 E - 3 scrolls of enchant armour
 J - a scroll of torment {unknown}
 Q - a scroll of vulnerability {unknown}
Potions
 f - a potion of magic
 g - 3 potions of cancellation
 h - a potion of lignification {!q}
 l - 7 potions of curing {@q1}
 p - 5 potions of attraction {!q}
 u - 4 potions of mutation {!q}
 x - 4 potions of flight
 A - 5 potions of haste {@q3}
 B - 3 potions of brilliance
 I - 11 potions of ambrosia
 N - 2 potions of might
 U - a potion of invisibility {unknown}
Miscellaneous
 O - a phantom mirror
   (You found it on level 4 of the Lair of Beasts)
 T - a box of beasts
   (You found it on level 6 of the Lair of Beasts)


   Skills:
 - Level 10.8 Fighting
 - Level 1.5 Armour
 - Level 7.3 Dodging
 - Level 3.0 Stealth
 + Level 7.9 Shields
 - Level 17.5 Unarmed Combat
 - Level 4.0 Spellcasting
 - Level 10.9 Necromancy
 - Level 2.0 Translocations
 - Level 0.9 Transmutations
 - Level 2.0 Air Magic


You had 8 spell levels left.
You knew the following spells:

 Your Spells              Type           Power      Damage    Failure   Level
a - Vampiric Draining     Necr           28%        2d8       1%          3
b - Sublimation of Blood  Necr           28%        N/A       1%          2
c - Dispel Undead         Necr           28%        3d13      6%          4
z - Animate Dead          Necr           14%        N/A       6%          4
A - Apportation           Tloc           14%        N/A       22%         1

Your spell library contained the following spells:

 Spells                   Type           Power      Damage    Failure   Level
 Animate Skeleton         Necr           56%        N/A       1%          1
 Pain                     Necr           100%       1d9       1%          1
 Corpse Rot               Necr/Air       34%        N/A       5%          2
 Excruciating Wounds      Necr           14%        N/A       16%         5
 Summon Small Mammal      Summ           8%         N/A       45%         1
 Anguish                  Hex/Necr       7%         N/A       47%         4
 Passwall                 Tmut/Erth      2%         N/A       54%         2
 Swiftness                Air            7%         N/A       54%         3
 Ensorcelled Hibernation  Hex/Ice        4%         N/A       58%         2
 Death Channel            Necr           14%        N/A       65%         6
 Call Canine Familiar     Summ           2%         N/A       83%         3
 Ozocubu's Armour         Ice            2%         N/A       83%         3
 Summon Guardian Golem    Hex/Summ       2%         N/A       83%         3
 Borgnjor's Vile Clutch   Necr/Erth      7%         N/A       83%         5
 Hailstorm                Conj/Ice       2%         3d3       99%         4
 Ice Form                 Ice/Tmut       3%         N/A       99%         4
 Leda's Liquefaction      Hex/Erth       1%         N/A       99%         4
 Petrify                  Tmut/Erth      3%         N/A       99%         4
 Blade Hands              Tmut           2%         N/A       100%        5
 Fireball                 Conj/Fire      1%         3d3       100%        5
 Irradiate                Conj/Tmut      1%         3d14      100%        5
 Lee's Rapid Deconstruct  Erth           1%         3d5*      100%        5
 Simulacrum               Ice/Necr       7%         N/A       100%        6
 Starburst                Conj/Fire      1%         6d3       100%        6
 Statue Form              Tmut/Erth      2%         N/A       100%        6
 Dragon Form              Tmut           2%         N/A       100%        7
 Haunt                    Necr/Summ      7%         N/A       100%        7
 Borgnjor's Revivificati  Necr           14%        N/A       100%        8
 Ignition                 Fire           1%         3d3       100%        8
 Infestation              Necr           14%        N/A       100%        8
 Necromutation            Tmut/Necr      8%         N/A       100%        8
 Death's Door             Necr           14%        N/A       100%        9


Dungeon Overview and Level Annotations

Branches:
Dungeon (15/15)            Temple (1/1) D:5            Lair (6/6) D:10
  Swamp (0/4) Lair:2        Snake (0/4) Lair:4        Slime (0/5) Lair:5
    Orc (0/2) D:11         Vaults (0/5) D:13        Ossuary (visited)
 Bailey (visited)           IceCv (visited)
 Depths: D:15

Altars:
Ashenzari
Cheibriados
Dithmenos
Elyvilon
Fedhas
Gozag
Hepliaklqana
Kikubaaqudgha
Makhleb
Nemelex Xobeh
Okawaru
Qazlal
Ru
Sif Muna
Trog
Uskayaw
Vehumet
Wu Jian
Xom
Yredelemnul
Zin
The Shining One

Shops:
D:13 =   D:14 !

Portals:
Trove: D:12 (give 11 potions of heal wounds)

Annotations:
Lair:1 2 transporters, mistmaker's ghost, journeyman TeAE


Innate Abilities, Weirdness & Mutations

You are too large for most types of armour.
You have claws for hands.
Your natural rate of healing is unusually fast.
You are covered in fur. (AC +1)
You have tough skin. (AC +1)


Message History

Kikubaaqudgha accepts your kill. The death drake breathes miasma at you.
The foul vapour engulfs you!
You are poisoned.
* * * LOW HITPOINT WARNING * * *
Okay, then.
Your +9 falchion of flaming stops flaming.
You are now empty-clawed.
You are engulfed in dark miasma.
You are more poisoned.
* * * LOW HITPOINT WARNING * * *
You feel very sick.
Unknown command.
You feel better.
You are engulfed in dark miasma.
You are poisoned.
You feel yourself slow down.
* * * LOW HITPOINT WARNING * * *
You feel very sick. The death drake barely misses you.
Unknown command.
Unknown command.
Unknown command.
A red film seems to cover your vision as you go berserk!
You feel yourself moving faster!
You feel mighty!
You feel very sick.
The death drake bites you but does no damage.
The death drake barely misses you.
You mangle the death drake!!
You feel sick. The death drake breathes miasma at you.
The foul vapour engulfs you!
You are more poisoned.
* * * LOW HITPOINT WARNING * * *
Unknown command.
Unknown command.
You closely miss the death drake.
You are engulfed in dark miasma.
You are more poisoned.
You feel as though you will be slow longer.
* * * LOW HITPOINT WARNING * * *
You feel extremely sick. The death drake closely misses you.
Unknown command.
You mangle the death drake!!
You are engulfed in dark miasma.
You are more poisoned.
* * * LOW HITPOINT WARNING * * *
You feel extremely sick. You block the death drake's attack.
Unknown command.
Unknown command.
You mangle the death drake!!
You kill the death drake!
Kikubaaqudgha accepts your kill.
You are engulfed in dark miasma.
You are more poisoned.
* * * LOW HITPOINT WARNING * * *
x2 You feel extremely sick.
Unknown command.
* * * LOW HITPOINT WARNING * * *
You feel extremely sick.
You feel a strong urge to attack something.
* * * LOW HITPOINT WARNING * * *
You feel extremely sick.
You are too berserk!
You are no longer berserk.
You are exhausted.
You feel as though you will be slow longer.
* * * LOW HITPOINT WARNING * * *
You feel extremely sick.
Unknown command.
You feel better.
You close the door.
You close the door.
You start resting.
You recover from your berserk rage.
You start resting.
You feel yourself speed up.
You start resting.
You open the door.
There is an open door, spattered with blood here.
You open the door.
Found 2 scrolls of identify.
There is an open door here.
A tengu warrior comes into view. It is wielding a +0 long sword.
A fire giant and a centaur warrior come into view.
The fire giant is wielding a +0 great sword of flaming.
Found 4 curare-tipped darts, 10 gold pieces and a robe.
The tengu warrior shouts!
The fire giant shouts!
You hear a horrible gurgling sound!
The centaur warrior wields a +0 longbow.
The centaur warrior shoots an arrow.
You block the arrow.
The fire giant moves out of view.
You mangle the tengu warrior!!
The tengu warrior hits you with a +0 long sword!
The tengu warrior pecks you. The tengu warrior closely misses you.
There is an open door here.
You mangle the tengu warrior!!
A centaur warrior opens the door.
A white ugly thing comes into view.
The tengu warrior hits you with a +0 long sword!
The tengu warrior pecks you. You block the tengu warrior's attack.
The centaur warrior shoots an arrow.
You block the arrow.
The tengu warrior hits you but does no damage.
You block the tengu warrior's attack. x2
There is an open door, spattered with blood here.
You open the door.
There is an open door, spattered with blood here.
The fire giant gestures at you while chanting.
The bolt of fire hits you!!!
Which direction?
You close the door.
The tengu warrior shouts!
The fire giant casts a spell at you. The bolt of fire hits you!!!
* * * LOW HITPOINT WARNING * * *
There is an open door here.
You close the door.
Something unseen opens the door.
The fire giant points at you and mumbles some strange words.
The fireball explodes!
The fireball engulfs you!!!
* * * LOW HITPOINT WARNING * * *
There is an open door here.
Okay, then.
You enter the shallow water.
Moving in this stuff is going to be slow.
You are engulfed in a cloud of scalding steam.
* * * LOW HITPOINT WARNING * * *
The plant is engulfed in a cloud of scalding steam.
The plant begins to die.
As you read the scroll of fear, it crumbles to dust.
You assume a fearsome visage.
The fire giant resists with almost no effort.
The tengu warrior looks frightened!
The fire giant casts a spell at you. The bolt of fire misses you.
As you read the scroll of teleportation {@r4}, it crumbles to dust.
You feel strangely unstable.
You are engulfed in a cloud of scalding steam.
A nearby plant withers and dies.
Okay, then.
Okay, then.
Here: a fire giant, wielding a +0 great sword of flaming Some shallow water.
Unknown command.
You are engulfed in a cloud of scalding steam.
* * * LOW HITPOINT WARNING * * *
The fire giant points at you and mumbles some strange words.
The bolt of fire hits you!!!
You die...
Kikubaaqudgha rasps: "You have failed me!
Welcome... death!"

#..).).#......##......##
#.#Q#.##########......##
##+#'###########.......#
##.#.#.##≈≈≈≈≈≈##...#..##
#......##≈.PPP≈##...#..##
+#...#..#≈.⌠..≈##...#...#
#...#..#§§§...≈##.......#
+#.#....#C§.P.≈##.......#
#......#+@§...≈##..##..##
###.#.###≈8...≈##.#.#..#
####+#'#≈≈.._.≈##.##...#
#≈≈≈≈≈≈≈≈8....≈##......#
#≈P....8......≈#.......#
#≈P⌠......._..≈'.)##...#
#≈P..P.._.....≈'..#.#.##
#≈P..........≈≈#...##..#
#≈≈≈≈≈≈≈≈≈≈≈≈≈##.......##


You could see a fire giant and a tengu warrior (fleeing).

Vanquished Creatures
  Kirke (Lair:5)
  An orc warlord (Bailey)
  Nessos (D:15)
  Josephine (Lair:4)
  A fire dragon (Lair:6)
  7 hydras
  A rakshasa (D:13)
  5 boulder beetles
  A vault guard (D:13)
  Harold (D:10)
  2 catoblepae
  Erica (Lair:2)
  A centaur warrior (D:13)
  An anaconda (Lair:6)
  A death knight (D:11)
  3 two-headed ogres
  5 tengu warriors
  Sonja (D:13)
  8 skeletal warriors
  A death drake (shapeshifter) (D:15)
  A deep troll (D:15)
  2 wizards (D:13)
  Pikel (D:8)
  An ugly thing (D:8)
  A phantasmal warrior (D:10)
  3 necromancers
  2 deep elf pyromancers
  An orc knight (Bailey)
  2 manticores
  4 cyclopes
  10 elephants
  An ice statue (IceCv)
  Joseph (D:8)
  18 cane toads
  5 black mambas
  2 unseen horrors
  2 kobold demonologists (D:12)
  An efreet (D:15)
  10 ice devils (IceCv)
  2 rime drakes (Lair:6)
  2 entropy weaver simulacra (IceCv)
  3 anaconda simulacra (IceCv)
  A yaktaur (shapeshifter) (D:15)
  A tengu conjurer (D:15)
  3 freezing wraiths (IceCv)
  9 komodo dragons
  4 trolls
  4 meliai
  A meliai (shapeshifter) (D:15)
  9 polar bears
  A queen bee (D:13)
  2 hornets
  10 blink frogs
  14 slime creatures
  2 raiju (Lair:6)
  Prince Ribbit (D:5)
  Sigmund (D:6)
  A centaur simulacrum (D:15)
  6 wraiths
  2 yaks (shapeshifter)
  46 yaks
  2 wyverns
  4 basilisks
  Eustachio (D:4)
  5 hogs (Lair:5)
  18 humans (D:13)
  Grum (D:8)
  A basilisk (shapeshifter) (D:13)
  A human (shapeshifter) (D:13)
  3 steam dragons
  7 death yak simulacra
  4 wargs (Lair:6)
  4 harpy simulacra (IceCv)
  5 acid dragons
  10 water moccasins
  12 hell hounds (Lair:6)
  6 orc warriors
  2 sky beasts
  2 swamp drakes (Lair:6)
  12 black bears
  2 ogres (D:7)
  42 wolves
  4 centaurs
  3 lemures (D:8)
  3 phantoms
  3 kobold brigands
  18 bullfrogs
  2 elf zombies (Ossuary)
  A wyvern zombie (D:6)
  7 cane toad simulacra (IceCv)
  2 gnoll sergeants (D:10)
  4 scorpions
  2 elephant simulacra (IceCv)
  A troll zombie (Ossuary)
  25 killer bees
  10 wights
  11 electric eels
  2 howler monkeys (D:10)
  A bullfrog zombie (D:6)
  5 centaur zombies
  A hound (D:6)
  5 jellies
  8 orc priests
  A bullfrog skeleton (D:5)
  2 centaur skeletons
  2 gnoll shamans
  Jessica (D:3)
  6 iguanas
  3 hell rats (Lair:4)
  12 orc wizards
  4 spriggan simulacra (IceCv)
  3 polar bear simulacra
  A wolf simulacrum (IceCv)
  2 ogre zombies (Ossuary)
  7 mummies (Ossuary)
  A howler monkey zombie (D:9)
  Robin (D:3)
  22 gnolls
  4 adders
  A white imp (D:6)
  An ufetubus (D:4)
  4 adder zombies
  2 adder skeletons (D:4)
  2 worms
  2 dart slugs (D:4)
  53 orcs
  3 endoplasms
  A giant cockroach (D:1)
  18 goblins
  18 hobgoblins
  10 jackals
  25 kobolds
  2 ball pythons (D:1)
  6 bats
  5 goblin zombies (Ossuary)
  2 hobgoblin zombies (Ossuary)
  5 kobold zombies (Ossuary)
  5 quokka zombies (Ossuary)
  13 rats
  3 rat zombies (Ossuary)
752 creatures vanquished.

Vanquished Creatures (collateral kills)
  A swamp dragon (Lair:6)
  5 elephants
  A black mamba (Lair:6)
  A rime drake (Lair:2)
  A yaktaur (D:15)
  An ice devil (IceCv)
  A polar bear (Lair:6)
  4 blink frogs
  A slime creature (D:15)
  2 yaks (Lair:4)
  A wraith (Lair:4)
  A human (D:13)
  A death yak simulacrum (IceCv)
  3 hell hounds (Lair:6)
  A black bear (Lair:6)
  4 wolves
  A bullfrog (Lair:5)
  An elephant simulacrum (IceCv)
  A hell rat (Lair:4)
  A polar bear simulacrum (IceCv)
  A spriggan simulacrum (IceCv)
  An ufetubus (IceCv)
35 creatures vanquished.

Vanquished Creatures (others)
  A wizard (D:13)
  A human (Lair:5)
  A swamp drake (Lair:6)
  An iguana (Lair:6)
  31 fungi
  57 plants
92 creatures vanquished.

Grand Total: 879 creatures vanquished

Notes
Turn   | Place    | Note
-------+----------+-------------------------------------------
     0 | D:1      | CryoSword the Troll Monk began the quest for the Orb.
     0 | D:1      | Reached XP level 1. HP: 22/22 MP: 0/0
   192 | D:1      | Reached XP level 2. HP: 29/29 MP: 1/1
   791 | D:2      | Reached XP level 3. HP: 36/36 MP: 2/2
  1610 | D:3      | Found a glowing silver altar of Zin.
  1610 | D:3      | Noticed Robin
  1645 | D:3      | Reached skill level 4 in Unarmed Combat
  1680 | D:3      | You fall into a shaft and drop 3 floors!
  1733 | D:5      | Entered Level 5 of the Dungeon
  1736 | D:5      | Found an iron altar of Okawaru.
  1749 | D:5      | Reached XP level 4. HP: 37/44 MP: 3/3
  1798 | D:4      | Noticed Eustachio
  1833 | D:5      | Found a staircase to the Ecumenical Temple.
  1838 | D:5      | Noticed a scorpion
  1840 | Temple   | Entered the Ecumenical Temple
  2038 | D:5      | Killed a scorpion
  2039 | D:5      | Reached XP level 5. HP: 43/53 MP: 4/4
  2101 | D:5      | Noticed Prince Ribbit
  2206 | D:5      | Reached skill level 5 in Unarmed Combat
  2244 | D:5      | Reached XP level 6. HP: 61/61 MP: 5/5
  2274 | D:5      | HP: 3/61 [iguana (6)]
  2656 | D:4      | Reached skill level 6 in Unarmed Combat
  2701 | D:4      | Reached XP level 7. HP: 54/68 MP: 6/6
  2968 | D:4      | Killed Eustachio
  2998 | D:4      | Found a burning altar of Makhleb.
  3239 | D:4      | Reached skill level 7 in Unarmed Combat
  3453 | D:3      | Reached XP level 8. HP: 79/79 MP: 7/7
  3463 | D:3      | Found a faded altar of an unknown god.
  3483 | D:3      | Noticed Jessica
  3499 | D:3      | Killed Jessica
  3674 | D:3      | Killed Robin
  3895 | D:4      | Found a glowing golden altar of the Shining One.
  3950 | D:5      | Found a shimmering altar of Xom.
  4026 | D:5      | Found a broken altar of Ashenzari.
  4049 | D:5      | Killed Prince Ribbit
  4500 | D:6      | Reached skill level 8 in Unarmed Combat
  4528 | D:6      | Noticed Sigmund
  4544 | D:6      | Killed Sigmund
  4545 | D:6      | Reached skill level 5 in Fighting
  4545 | D:6      | Reached skill level 5 in Dodging
  5256 | D:6      | Reached skill level 9 in Unarmed Combat
  5256 | D:6      | Reached XP level 9. HP: 87/88 MP: 8/8
  6553 | D:7      | Found a sand-covered staircase.
  6561 | Ossuary  | Entered an ossuary
  8015 | D:8      | Reached skill level 10 in Unarmed Combat
  8122 | D:8      | Noticed Pikel
  8135 | D:8      | Killed Pikel
  8289 | D:8      | Noticed Joseph
  8304 | D:8      | Killed Joseph
  8305 | D:8      | Reached XP level 10. HP: 96/100 MP: 9/9
  8571 | D:8      | Noticed Grum
  8582 | D:8      | Killed Grum
  8911 | D:9      | Noticed a cyan ugly thing
  8993 | D:9      | Reached skill level 11 in Unarmed Combat
  9004 | D:9      | Found a radiant altar of Vehumet.
  9010 | D:9      | Found an opulent altar of Gozag.
  9013 | D:9      | Found a basalt altar of Yredelemnul.
  9013 | D:9      | Found an ancient bone altar of Kikubaaqudgha.
  9021 | D:9      | Became a worshipper of Kikubaaqudgha
  9021 | D:9      | Reached * piety under Kikubaaqudgha
  9021 | D:9      | Received a gift from Kikubaaqudgha
  9021 | D:9      | Reached ** piety under Kikubaaqudgha
  9054 | D:9      | Found a flagged portal.
  9069 | Bailey   | Entered a bailey
  9096 | Bailey   | Noticed an orc warlord
  9126 | Bailey   | Noticed an orc knight
  9153 | Bailey   | Killed an orc knight
  9254 | Bailey   | Found a runed translucent gate.
  9254 | Bailey   | Found a runed translucent gate.
  9254 | Bailey   | Found a runed translucent gate.
  9375 | Bailey   | Killed an orc warlord
  9401 | Bailey   | Reached XP level 11. HP: 102/109 MP: 10/10
  9404 | Bailey   | Learned a level 1 spell: Pain
  9407 | Bailey   | Learned a level 2 spell: Sublimation of Blood
  9410 | Bailey   | Learned a level 2 spell: Corpse Rot
  9636 | D:9      | Noticed a two-headed ogre
  9686 | D:8      | Killed a cyan ugly thing
  9776 | D:9      | HP: 3/109 [two-headed ogre/+0 giant club (19)]
  9777 | D:9      | Killed a two-headed ogre
  9778 | D:9      | Reached skill level 12 in Unarmed Combat
  9778 | D:9      | Reached skill level 1 in Spellcasting
  9778 | D:9      | Reached skill level 1 in Air Magic
  9778 | D:9      | Reached XP level 12. HP: 4/118 MP: 12/12
 10316 | D:9      | Reached *** piety under Kikubaaqudgha
 10316 | D:9      | Received a gift from Kikubaaqudgha
 10751 | D:10     | Entered Level 10 of the Dungeon
 11370 | D:10     | Found a staircase to the Lair.
 11408 | D:10     | Reached **** piety under Kikubaaqudgha
 11428 | D:10     | Learned a level 4 spell: Animate Dead
 11433 | D:10     | Learned a level 4 spell: Dispel Undead
 11435 | D:10     | Learned a level 1 spell: Apportation
 11712 | D:11     | Noticed Harold
 11849 | D:11     | Noticed a death knight
 11962 | D:10     | Reached skill level 13 in Unarmed Combat
 12130 | D:10     | Killed Harold
 12554 | D:11     | Found a staircase to the Orcish Mines.
 12823 | D:11     | Noticed a two-headed ogre
 12827 | D:11     | Killed a two-headed ogre
 12852 | D:11     | Noticed a two-headed ogre
 12858 | D:11     | Killed a two-headed ogre
 12938 | D:11     | Killed a death knight
 13275 | D:12     | Noticed a boulder beetle
 13284 | D:12     | Killed a boulder beetle
 13285 | D:12     | Reached XP level 13. HP: 109/128 MP: 15/15
 13379 | D:12     | Found a portal to a secret trove of treasure.
 13484 | D:12     | Reached skill level 14 in Unarmed Combat
 13775 | Lair:1   | Entered Level 1 of the Lair of Beasts
 13951 | Lair:1   | Found a transporter.
 13962 | Lair:1   | Found a bloodstained altar of Trog.
 13973 | Lair:1   | Found a transporter.
 13981 | Lair:1   | Noticed mistmaker's ghost (journeyman TeAE)
 14685 | Lair:2   | Found a staircase to the Swamp.
 15078 | Lair:2   | Noticed Erica
 15096 | Lair:2   | Killed Erica
 15353 | Lair:3   | Found a frozen archway.
 15429 | IceCv    | Entered an ice cave
 15692 | IceCv    | Reached skill level 15 in Unarmed Combat
 15843 | IceCv    | Found an ancient bone altar of Kikubaaqudgha.
 17046 | IceCv    | Got Sif Muna's Papyrus of the Glacier and Evil Secrets
 17833 | Lair:4   | Found a staircase to the Snake Pit.
 17889 | Lair:4   | Reached XP level 14. HP: 115/141 MP: 16/16
 18037 | Lair:4   | Reached ***** piety under Kikubaaqudgha
 18230 | Lair:4   | Noticed Josephine
 18279 | Lair:4   | Killed Josephine
 18280 | Lair:4   | Reached skill level 16 in Unarmed Combat
 18324 | Lair:4   | Learned a level 3 spell: Vampiric Draining
 18669 | Lair:4   | Reached skill level 10 in Necromancy
 19006 | Lair:5   | Reached skill level 10 in Fighting
 19075 | Lair:5   | Noticed Kirke
 19181 | Lair:5   | Noticed a sphinx
 19182 | Lair:5   | Killed Kirke
 19389 | Lair:5   | Found a staircase to the Slime Pits.
 19844 | Lair:6   | Entered Level 6 of the Lair of Beasts
 20139 | Lair:6   | Reached skill level 1 in Translocations
 20804 | Lair:6   | Reached skill level 17 in Unarmed Combat
 21009 | Lair:6   | Reached XP level 15. HP: 124/152 MP: 18/20
 21069 | Lair:6   | Reached ****** piety under Kikubaaqudgha
 21437 | Lair:6   | Received a gift from Kikubaaqudgha
 22196 | D:13     | Found Qierooc's Jewellery Boutique.
 22395 | D:13     | Reached skill level 1 in Armour
 22584 | D:13     | Reached skill level 1 in Shields
 22609 | D:13     | Found an opulent altar of Gozag.
 22790 | D:13     | Found a gate to the Vaults.
 23141 | D:13     | Noticed Sonja
 23154 | D:13     | Killed Sonja
 23236 | D:13     | Reached skill level 5 in Shields
 23390 | D:14     | Found a stormy altar of Qazlal.
 23431 | D:14     | Found Gyts's Distillery.
 23439 | D:14     | Bought a potion of lignification for 51 gold pieces
 24166 | D:14     | Identified the +0 robe of the King of the Hill {rElec MP-9
                  | Str+6}
 24200 | D:15     | Entered Level 15 of the Dungeon
 24550 | D:15     | Found a bloodstained altar of Trog.
 24551 | D:15     | Found a shadowy altar of Dithmenos.
 24552 | D:15     | Found a sparkling altar of Nemelex Xobeh.
 24583 | D:15     | Noticed Nessos
 24638 | D:15     | Killed Nessos
 24801 | D:15     | HP: 1/152 [yaktaur/bolt (30)]
 25097 | D:15     | HP: 4/152 [poison (dark miasma)]
 25165 | D:15     | Noticed a fire giant
 25193 | D:15     | Killed from afar by a fire giant

Illustrated notes

Levels and vault maps discovered:
D:1:      dpeg_arrival_leaves_temple_mockup, layout_basic
D:2:      layout_basic, serial_forest, infiniplex_forest_straight_3,
          infiniplex_forest_straight_2, infiniplex_forest_straight_3,
          infiniplex_forest_straight_4, infiniplex_forest_clump_diagonal
D:3:      layout_rooms, lemuel_tele_altar, hellmonk_ecumenical_altar_dog_temple,
          uniq_jessica, uniq_robin
D:4:      layout_basic, kennysheep_mini, kennysheep_little_box,
          chequers_serial_rivers_small_3, minmay_surrounded, uniq_eustachio
D:5:      layout_loops_cross, kennysheep_mini_moat, okawaru_gym_becter,
          marbit_many_paths, minmay_temple_entry_arrows, chequers_big_river,
          uniq_prince_ribbit1
D:6:      layout_loops_corners, serial_rivers, chequers_serial_rivers_micro_d,
          chequers_serial_rivers_micro_b, chequers_serial_rivers_micro_e,
          chequers_serial_rivers_micro_d, chequers_serial_rivers_micro_d,
          uniq_sigmund
D:7:      layout_layer_cave, nicolae_ossuary_entry_ruins, sigmund_army
D:8:      layout_loops_ring, kennysheep_dice, uniq_joseph, uniq_pikel, uniq_grum
D:9:      layout_irregular_city, grunt_temple_overflow_open, enter_bailey_3,
          statue_in_the_mist_lemuel, grunt_potential
D:10:     layout_basic, david_lair_generic, minivault_22, grunt_ministairs_5
D:11:     layout_loops_ring, david_orc_3, kennysheep_generic_room_16,
          uniq_harold
D:12:     layout_roguey, nicolae_trove_entry_free_sample
D:13:     layout_basic, grunt_vaults_entry_tiered, special_room
          [special_room_bee], serial_shops, shop_statue, grunt_gozag_statues,
          uniq_sonja
D:14:     layout_stronghold, nicolae_qazlal_scattered_showers, serial_shops,
          shop
D:15:     hangedman_slaughterboxes, uniq_nessos
Temple:   minmay_temple_bridge_abc
Lair:1:   statuecave_lemuel, layout_regular_city,
          gammafunk_ghost_wrathful_warriors, chequers_serial_rivers_small_a,
          grunt_forest_small_clearings, infiniplex_staircase_pool
Lair:2:   layout_big_grid, swamp_mist, uniq_erica
Lair:3:   layout_chaotic_city, portal_ice_cave_entry_ice_simulacra, st_stairs_10
Lair:4:   layout_regular_city, dummy_snake_entry, grunt_megastairs_5,
          lemuel_fruit_fields, uniq_josephine
Lair:5:   layout_hall_layers, minmay_slime_entry_pillars, serial_bayou_shore_a,
          grunt_megastairs_4, lemuel_fruit_tree, uniq_kirke
Lair:6:   guppyfry_lair_end_dragon, layout_misc_corridors,
          hangedman_lair_caniforms_friends, lookout_lair_type,
          amcnicky_mini_pool_medium, serial_bayou_shore_b

Skill      XL: |  1  2  3  4  5  6  7  8  9 10 11 12 13 14 15 |
---------------+----------------------------------------------+-----
Unarmed Combat | 4 5 6 7 9 10 11 12 13 15 17 | 17.5
Fighting       | 3 4 5 6 7 8 9 10 | 10.8
Dodging        | 3 4 5 6 7 |  7.3
Stealth        | 2 3 |  3.0
Necromancy     | 7 8 9 10 | 10.9
Spellcasting   | 1 2 4 |  4.0
Air Magic      | 1 2 |  2.0
Translocations | 2 |  2.0
Armour         | 1 |  1.5
Shields        | 7 |  7.9
Transmutations | |  0.9

Action                   |  1- 3 |  4- 6 |  7- 9 | 10-12 | 13-15 || total
-------------------------+-------+-------+-------+-------+-------++-------
Melee: Unarmed           |   130 |    89 |   387 |   449 |  1405 ||  2460
       Punch             |       |       |    18 |    43 |    89 ||   150
       Falchion          |       |       |       |       |    32 ||    32
Throw: Dart              |       |       |     5 |     5 |       ||    10
       Boomerang         |       |       |       |     2 |     8 ||    10
       Throwing net      |       |       |       |       |     1 ||     1
 Cast: Pain              |       |       |       |     5 |       ||     5
       Animate Dead      |       |       |       |     3 |    86 ||    89
       Corpse Rot        |       |       |       |     1 |     1 ||     2
       Vampiric Draining |       |       |       |       |     9 ||     9
       Dispel Undead     |       |       |       |       |     6 ||     6
Invok: Receive Corpses   |       |       |       |     5 |    25 ||    30
       Receive Forbidden |       |       |       |       |     1 ||     1
Evoke: Wand              |       |       |     2 |    15 |    14 ||    31
       Box of beasts     |       |       |       |       |     1 ||     1
  Use: Potion            |       |     1 |     2 |     6 |     8 ||    17
       Scroll            |       |     3 |     5 |     9 |    23 ||    40
 Stab: Sleeping          |     4 |       |     5 |     3 |     6 ||    18
       Distracted        |       |       |       |     1 |     8 ||     9
Armor: Robe              |    58 |    10 |   135 |   129 |       ||   332
       Troll leather arm |       |       |       |    35 |   533 ||   568
Dodge: Dodged            |    68 |    34 |   256 |   211 |   825 ||  1394
Block: Kite shield       |       |       |       |       |   207 ||   207
